 Dungeon Crawl Stone Soup version 0.23.0 (console) character file.

Game seed: 10107424906560932418

1403 Garrluk the Cleaver (level 8, -3/69 HPs)
             Began as a Deep Dwarf Berserker on Feb 12, 2019.
             Was a Priest of Trog.
             Slain by a porcupine (5 damage)
             ... on level 8 of the Dungeon.
             The game lasted 00:11:40 (1331 turns).

Garrluk the Cleaver (Deep Dwarf Berserker)          Turns: 1331, Time: 00:11:40

Health: -3/69      AC:  7    Str: 24    XL:     8   Next: 42%
Magic:  7/7        EV: 11    Int:  7    God:    Trog [***...]
Gold:   102        SH:  0    Dex: 12    Spells: 7/7 levels left

rFire    + . .     SeeInvis .   e - +0 war axe
rCold    . . .     Gourm    .   (no shield)
rNeg     . . .     Faith    .   m - +0 scale mail
rPois    .         Spirit   .   (no helmet)
rElec    .         Reflect  .   k - scarf {repulsion}
rCorr    .         Harm     .   x - +0 pair of gloves
MR       +++..                  (no boots)
Stlth    ..........             (no amulet)
HPRegen  1.00/turn              b - ring of protection from fire
MPRegen  0.10/turn              (no ring)

@: berserk cooldown, non-regenerating, slowed, repel missiles, very slow
A: damage resistance, heal wounds, sense surroundings 1, no regeneration
a: Heal Wounds, Berserk, Trog's Hand, Renounce Religion


You were on level 8 of the Dungeon.
You worshipped Trog.
Trog was most pleased with you.
You were hungry.

You visited 1 branch of the dungeon, and saw 8 of its levels.

You collected 102 gold pieces.

Inventory:

Hand Weapons
 a - a +0 hand axe
 e - a +0 war axe (weapon)
 w - the +10 zealot's sword {holy, *Rage rN+ EV+3}
   (You found it on level 6 of the Dungeon)

   It has been blessed by the Shining One to cause great damage to the undead
   and demons.
   It affects your evasion (+3).
   It protects you from negative energy.
   It may make you go berserk in combat.
Missiles
 h - 8 javelins (quivered)
Armour
 k - a scarf of repulsion (worn)
 m - a +0 scale mail (worn)
 x - a +0 pair of gloves (worn)
Jewellery
 b - a ring of protection from fire (left hand)
Wands
 y - a wand of enslavement (10)
Scrolls
 d - 6 scrolls of remove curse {unknown}
 f - a scroll of fear {unknown}
 i - a scroll of amnesia {unknown}
 j - a scroll of magic mapping {unknown}
 l - a scroll of identify {unknown}
 p - 3 scrolls of teleportation {unknown}
 t - a scroll of enchant weapon {unknown}
 v - a scroll of enchant armour {unknown}
Potions
 g - a potion of resistance {unknown}
 n - a potion of lignification {unknown}
 o - a potion of magic {unknown}
 q - a potion of might
 r - a potion of brilliance {unknown}
 u - 3 potions of heal wounds
Comestibles
 c - 2 rations
 s - 2 chunks of flesh


   Skills:
 + Level 3.3 Fighting
 * Level 11.4 Axes
 - Level 2.1 Armour
 - Level 2.1 Dodging


You had 7 spell levels left.
You didn't know any spells.
Your spell library was empty.

Dungeon Overview and Level Annotations

Branches:
Dungeon (8/15)             Temple (0/1) D:4
   Lair: D:8-11

Altars:
Nemelex Xobeh
Trog


Innate Abilities, Weirdness & Mutations

You are resistant to damage.
You can heal yourself by infusing magical energy.
You passively map a small area around you.
You do not regenerate.


Message History

You feel resistant to hostile enchantments.
You are feeling hungry.
The porcupine bites you but does no damage.
The porcupine bites you!
* * * LOW HITPOINT WARNING * * *
Your magical essence is drained by the effort!
You feel much better. The porcupine closely misses you.
You slash the porcupine!
The porcupine is severely wounded.
The porcupine bites you!
* * * LOW HITPOINT WARNING * * *
The porcupine bites you but does no damage.
You are struck by the porcupine's spines.
* * * LOW HITPOINT WARNING * * *
You closely miss the porcupine.
The porcupine is severely wounded.
The porcupine bites you.
* * * LOW HITPOINT WARNING * * *
The porcupine bites you.
You die...

, , * , PP...$. .# *
..P..$P .# , .P..P♣.#.#
* , ..P.....$# *
PP....Yt?# , , #...tYlY
# #....rY#* .# * #r#
##.## * #@# .... #.#
####.#.#
#.####.########....#.#
#....................##
*
#.###.#.######.....(..#
#..#.# #.....#... * *
#.# #.#* ##....# ## *
#.# *#.#####.#.#.#. , ,
..., ......()).....
###. #.#####)#.###. *
##,* * #(#.....


You could see 4 yaks, a basilisk, 2 crocodiles and 2 porcupines.

Vanquished Creatures
  A water moccasin (D:5)
  An ice beast (D:8)
  3 centaurs (D:5)
  2 ogres (D:4)
  A big kobold (D:8)
  A bullfrog (D:6)
  A wyvern skeleton (D:8)
  2 crimson imps (D:5)
  4 orc priests
  A hound (D:5)
  7 orc wizards
  An iguana (D:6)
  A centaur skeleton (D:4)
  A worker ant (D:5)
  5 adders
  An ooze (D:1)
  5 worms
  A dart slug (D:2)
  2 leopard geckos (D:3)
  16 orcs
  3 giant cockroaches
  8 goblins
  5 hobgoblins
  A quokka (D:6)
  2 ball pythons
  3 bats
  2 frilled lizards
  8 kobolds
  3 rats
92 creatures vanquished.

Notes
Turn   | Place    | Note
-------+----------+-------------------------------------------
     0 | D:1      | Garrluk the Deep Dwarf Berserker began the quest for the
                  | Orb.
     0 | D:1      | Reached XP level 1. HP: 20/20 MP: 1/1
    96 | D:1      | Reached skill level 4 in Axes
    96 | D:1      | Reached XP level 2. HP: 25/27 MP: 2/2
   337 | D:2      | Reached XP level 3. HP: 10/33 MP: 3/3
   468 | D:1      | Reached ** piety under Trog
   468 | D:1      | Reached skill level 5 in Axes
   532 | D:3      | Found a bloodstained altar of Trog.
   549 | D:3      | Found a sparkling altar of Nemelex Xobeh.
   673 | D:3      | Reached XP level 4. HP: 40/40 MP: 4/4
   702 | D:4      | Found a staircase to the Ecumenical Temple.
   703 | D:4      | Noticed an ogre
   710 | D:4      | Killed an ogre
   710 | D:4      | Reached skill level 6 in Axes
   710 | D:4      | Reached XP level 5. HP: 46/46 MP: 5/5
   716 | D:4      | Noticed an ogre
   730 | D:4      | Killed an ogre
   730 | D:4      | Reached skill level 7 in Axes
   730 | D:4      | Reached XP level 6. HP: 41/55 MP: 6/6
   843 | D:4      | Reached skill level 8 in Axes
   856 | D:5      | Entered Level 5 of the Dungeon
   893 | D:5      | Reached *** piety under Trog
   959 | D:5      | Noticed a water moccasin
   963 | D:5      | Reached skill level 9 in Axes
   963 | D:5      | Reached XP level 7. HP: 7/61 MP: 7/7
   978 | D:5      | Reached skill level 10 in Axes
  1037 | D:6      | Reached XP level 8. HP: 31/68 MP: 8/8
  1119 | D:6      | Found the +10 zealot's sword {holy, *Rage rN+ EV+3}
  1131 | D:6      | Reached skill level 11 in Axes
  1328 | D:8      | HP: 3/69 [porcupine (6)]
  1331 | D:8      | Slain by a porcupine

Skill      XL: |  1  2  3  4  5  6  7  8 |
---------------+-------------------------+-----
Axes           | 4 5 6 7 9 10 11 | 11.4
Fighting       | 3 |  3.3
Armour         | |  2.1
Dodging        | |  2.1

Action                   |  1- 3 |  4- 6 |  7- 9 || total
-------------------------+-------+-------+-------++-------
Melee: Hand axe          |   111 |    91 |    54 ||   256
       Eudemon blade     |       |       |    27 ||    27
       War axe           |       |       |     2 ||     2
Throw: Javelin           |     3 |     6 |       ||     9
Invok: Berserk           |     1 |     4 |       ||     5
       Trog's Hand       |     1 |     2 |     3 ||     6
 Abil: Heal Wounds       |     2 |       |     2 ||     4
  Use: Potion            |       |       |     2 ||     2
  Eat: Ration            |     1 |       |       ||     1
       Chunk             |       |     1 |     4 ||     5
Armor: Animal skin       |    13 |       |       ||    13
       Scale mail        |     7 |    32 |    32 ||    71
Dodge: Dodged            |    44 |    68 |    39 ||   151
       Deflected         |       |     5 |     4 ||     9
       Rpst.: Eudemon blade |       |       |     4 ||     4
